 Dungeon Crawl Stone Soup version 0.14-a0-1076-gee4852e (webtiles) character file.

213 PolkaDot the Ruinous (level 4, -15/45 HPs)
             Began as a Vampire Conjurer on Nov 25, 2013.
             Was an Initiate of Vehumet.
             Killed by divine providence
             ... invoked by an orc priest
              (16 damage)
             ... on Level 3 of the Dungeon.
             The game lasted 00:09:24 (2125 turns).

PolkaDot the Ruinous (Vampire Conjurer)             Turns: 2125, Time: 00:09:24

HP -15/45        AC 22     Str  7      XL: 4   Next: 73%
MP   1/8         EV  1     Int 18      God: Vehumet [......]
Gold 94          SH  0     Dex 14      Spells:  2 memorised,  2 levels left

rFire  . . .     SeeInvis +     m - +4,+2 elf dagger (curse)
rCold  . . .     Clarity  .     e - melded +1 elf robe (curse)
rNeg   + + +     Conserve .     (no shield)
rPois  +         rCorr    .     (no helmet)
rElec  .         rRot     .     (cloak currently unavailable)
SustAb . .       Spirit   .     (gloves currently unavailable)
rMut   .         Warding  .     (boots currently unavailable)
Saprov . . .     NoTele   +     (no amulet)
                                (no ring)
                                d - ring of flight

@: tree-form, very slightly contaminated, hasted, very quick, slightly resistant
to hostile enchantments, quite stealthy
A: (fangs 0), see invisible, (unbreathing)
a: Bat Form, Renounce Religion


You were on level 3 of the Dungeon.
You worshipped Vehumet.
Vehumet was noncommittal.
You were not thirsty.
You were an animated tree.
You visited 1 branch of the dungeon, and saw 3 of its levels.

You collected 94 gold pieces.

Inventory:

Hand weapons
 m - a cursed +4,+2 elven dagger (weapon)
Armour
 e - a cursed +1 elven robe (melded)
Scrolls
 a - a scroll of enchant weapon II
 g - 2 scrolls of identify
 h - a scroll of curse armour
 i - 2 scrolls of amnesia
 j - 2 scrolls of teleportation
Jewellery
 d - a ring of flight (left branch)
Potions
 b - a potion of blood
Books
 c - a book of Conjurations

   Spells                             Type                      Level
   *Magic Dart                        Conjuration                  1
   *Searing Ray                       Conjuration                  2
   Dazzling Spray                     Conjuration/Hexes            3
   Iskenderun's Mystic Blast          Conjuration                  4
   Iskenderun's Battlesphere          Conjuration/Charms           4
   Fulminant Prism                    Conjuration/Hexes            5


   Skills:
 - Level 2.1 Dodging
 - Level 3.0 Stealth
 - Level 1.0 Spellcasting
 * Level 4.6 Conjurations


You had 2 spell levels left.
You knew the following spells:

 Your Spells              Type           Power        Failure   Level  Hunger
a - Magic Dart            Conj           ###.         3%          1    N/A
s - Searing Ray           Conj           ###...       6%          2    N/A

Dungeon Overview and Level Annotations

Branches:
Dungeon (3/16)

Altars:
Vehumet


Innate Abilities, Weirdness & Mutations

((You have razor-sharp teeth.))*
You have supernaturally acute eyesight.
((You can survive without breathing.))*


Message History

The orc priest hits you with an orcish short sword.
* * * LOW HITPOINT WARNING * * *
You hit the orc priest.
The orc priest is heavily wounded.
The orc priest calls down the wrath of Beogh upon you.
Something smites you!
* * * LOW HITPOINT WARNING * * *
Casting: Searing Ray
Confirm with . or Enter, or press ? or * to list all spells.
Aiming: Searing Ray
Press: ? - help, Shift-Dir - straight line, f/p - orc priest
Aim: an orc priest, wielding an orcish short sword and wearing an orcish chain mail (heavily wounded)
The searing ray misses the orc priest.
The searing ray hits the orc priest.
The orc priest is lightly wounded.
The orc priest hits you but does no damage.
The searing ray hits the orc priest.
The orc priest is severely wounded.
The orc priest invokes the aid of Beogh against you.
Something smites you!
You die...

......###.....#.###
#####.# #####.#.#
#.# #.#.# #.# #.#.#
#.# ##)..# #.#
#...## #.# #...#
#.# #...######### #
#.# ##$..♣oo....# #
##.#######.# #.# #
#.# # #.# #.# #.#
... .


You could see 2 orc priests.

Vanquished Creatures
  4 gnolls (D:2)
  2 adders (D:2)
  2 worms (D:2)
  A giant gecko (D:3)
  An ooze (D:1)
  5 orcs (D:3)
  5 bats
  2 giant cockroaches
  5 hobgoblins
  5 kobolds
  A ball python (D:3)
  6 giant newts
  8 goblins
  3 rats
50 creatures vanquished.

Notes
Turn   | Place    | Note
--------------------------------------------------------------
     0 | D:1      | PolkaDot, the Vampire Conjurer, began the quest for the Orb.
     0 | D:1      | Reached XP level 1. HP: 13/13 MP: 4/4
   372 | D:1      | Reached XP level 2. HP: 19/19 MP: 1/5
   927 | D:2      | Learned a level 2 spell: Searing Ray
   939 | D:2      | Reached XP level 3. HP: 18/24 MP: 0/6
  1084 | D:2      | Reached skill level 4 in Conjurations
  1141 | D:2      | Reached XP level 4. HP: 15/30 MP: 4/8
  1469 | D:2      | Found a radiant altar of Vehumet.
  1659 | D:2      | Became a worshipper of Vehumet
  2077 | D:3      | HP: 1/30 [orc priest/divine providence (12)]
  2123 | D:3      | HP: 1/45 [orc priest/divine providence (11)]
  2125 | D:3      | Killed from afar by an orc priest

Action                   |  1- 3 |  4- 6 || total
-------------------------+-------+-------++-------
Melee: Unarmed           |    14 |       ||    14
       Short sword       |    47 |     9 ||    56
       Dagger            |       |    66 ||    66
 Cast: Magic Dart        |    13 |    16 ||    29
       Searing Ray       |     4 |     6 ||    10
  Use: Potion            |     2 |     6 ||     8
       Scroll            |       |    10 ||    10
 Stab: Sleeping          |     2 |     1 ||     3
